Map: Proxima Station LE

Players

일라클 - Winner!

  • Race: Zerg Zerg
  • League: Master
  • Spawn Location: 7:00

TheMagician

  • Race: Protoss Protoss
  • League: Diamond
  • Spawn Location: 1:00

VOD

Have the link to the VOD?

Description

Time

  • Played on: March 18, 2017, 10:27 p.m.
  • Length: 18:44
Show
View Real Time Build Order
Export as new Build Order

일라클 Zerg - Winner!

Build Orders: Hatch First 

Get SALT Encoding   

  12  0:00  Drone  
  13  0:12  Overlord  
  13  0:19  Drone  
  14  0:31  Drone x2  
  16  0:35  Drone  
  17  0:54  Hatchery  
  17  0:55  Drone  
  17  1:01  Drone  
  17  1:03  Extractor  
  17  1:16  Spawning Pool  
  17  1:18  Drone  
  17  1:21  Drone  
  18  1:31  Drone  
  19  1:48  Drone  
  19  2:06  Queen  
  19  2:07  Metabolic Boost  
  21  2:26  Spine Crawler  
  21  2:28  Queen  
  21  2:33  Zergling x2  
  21  2:35  Zergling x2  
  23  2:39  Zergling x2  
  25  2:44  Zergling x2  
  25  2:47  Zergling x2  
  25  2:50  Zergling x2  
  27  2:55  Zergling x2  
  25  3:13  Hatchery  
  24  3:24  Overlord  
  24  3:26  Overlord  
  24  3:35  Overlord  
  24  3:59  Drone x4  
  24  4:00  Drone  
  29  4:18  Drone x2  
  29  4:20  Extractor  
  29  4:22  Hatchery  
  29  4:36  Drone x4  
  29  4:37  Drone  
  34  4:45  Drone  
  34  4:49  Lair  
  35  4:53  Drone  
  35  4:57  Drone  
  36  5:00  Pneumatized Carapace  
  36  5:13  Drone x2  
  36  5:14  Drone x3  
  41  5:17  Drone  
  41  5:20  Overlord  
  42  5:25  Overlord  
  42  5:31  Drone  
  42  5:35  Queen  
  45  5:36  Drone  
  45  5:37  Drone  
  47  5:50  Overlord  
  47  5:51  Drone x3  
  47  5:52  Drone x2  
  47  5:56  Queen  
  54  6:05  Queen  
  56  6:11  Spire  
  56  6:13  Spore Crawler  
  56  6:17  Spore Crawler  
  53  6:20  Spine Crawler  
  53  6:21  Spore Crawler  
  51  6:29  Zergling x6  
  51  6:30  Zergling x8  
  58  6:46  Queen  
  60  6:47  Queen  
  60  6:48  Zergling x2  
  60  6:49  Overlord x2  
  60  6:50  Zergling x4  
  65  7:01  Overseer  
  65  7:05  Overlord x3  
  65  7:08  Overlord  
  65  7:25  Zergling x2, Mutalisk x3  
  72  7:41  Mutalisk  
  74  7:45  Extractor x2  
  74  7:46  Drone x13  
  83  8:07  Mutalisk  
  83  8:09  Drone x4  
  83  8:10  Drone  
  90  8:26  Drone  
  91  8:27  Drone x7  
  91  8:33  Extractor  
  91  8:34  Extractor  
  96  8:56  Hatchery  
  95  9:04  Corruptor x2  
  95  9:05  Corruptor x3  
  95  9:06  Zergling x2  
  95  9:08  Overlord x3  
  105  9:26  Queen  
  105  9:27  Corruptor x2  
  105  9:29  Zergling x4  
  113  9:42  Mutalisk  
  113  9:43  Corruptor  
  95  10:03  Corruptor x2, Hatchery  
  95  10:04  Zergling x6  
  99  10:22  Corruptor x4  
  99  10:25  Hatchery  
  99  10:26  Drone x2  
  108  10:29  Drone x3  
  108  10:30  Drone  
  108  10:32  Zergling x2, Overlord x2  
  113  10:52  Lair  
  113  10:58  Zergling x2  
  113  10:59  Zergling x18  
  123  11:08  Overlord, Drone  
  124  11:12  Zerg Flyer Weapons Level 1  
  124  11:14  Hatchery  
  99  11:42  Corruptor x3  
  102  11:57  Mutalisk  
  102  11:58  Mutalisk x9  
  102  12:00  Drone  
  120  12:01  Drone x9  
  118  12:20  Infestation Pit  
  118  12:21  Mutalisk  
  118  12:22  Zergling x20  
  129  12:23  Zergling x2  
  130  12:35  Hatchery  
  129  12:39  Mutalisk  
  129  12:40  Mutalisk x2  
  129  12:41  Zergling x20  
  129  12:42  Zergling x8  
  149  12:45  Queen  
  149  12:47  Extractor, Drone x2  
  149  12:48  Drone, Extractor  
  149  12:49  Drone  
  153  13:05  Mutalisk x4  
  153  13:07  Zerg Flyer Armor Level 1  
  155  13:12  Spore Crawler  
  155  13:13  Spore Crawler  
  155  13:15  Spore Crawler, Drone  
  155  13:16  Spore Crawler, Drone x8  
  144  13:31  Corruptor x2  
  144  13:32  Corruptor, Mutalisk  
  144  13:33  Zergling x4  
  144  13:34  Zergling x2  
  101  14:01  Hive  
  101  14:04  Drone  
  101  14:05  Drone x13  
  115  14:31  Hatchery  
  114  14:33  Drone x2  
  114  14:34  Drone x5  
  114  14:37  Hatchery  
  120  14:39  Drone  
  120  14:40  Drone x8  
  120  14:42  Hatchery  
  128  14:53  Corruptor  
  128  14:54  Corruptor x3  
  136  15:19  Hatchery  
  135  15:21  Mutalisk  
  135  15:22  Mutalisk x9  
  147  15:43  Mutalisk  
  147  15:44  Mutalisk x7  
  163  15:58  Extractor x2  
  163  16:03  Drone x4  
  163  16:04  Drone x4  
  166  16:14  Hatchery  
  157  16:29  Mutalisk  
  157  16:30  Mutalisk x9  
  157  16:31  Overlord x2  
  157  16:32  Overlord  
  177  16:49  Queen  
  179  16:56  Mutalisk x5  
  179  16:57  Mutalisk  
  179  16:58  Zergling x2  
  179  16:59  Zergling x16  
  200  17:35  Ultralisk Cavern  
  199  17:37  Spire  
  199  17:41  Queen  
  179  18:13  Corruptor  
  179  18:14  Corruptor x5, Mutalisk  
Show
View Real Time Build Order
Export as new Build Order

TheMagician Protoss 

Build Orders: Cannon Rush 

Get SALT Encoding   

  12  0:02  Probe (Chrono Boost)  
  13  0:12  Probe (Chrono Boost)  
  14  0:19  Pylon  
  14  0:24  Probe (Chrono Boost)  
  15  0:38  Probe (Chrono Boost)  
  15  0:41  Forge  
  16  0:48  Probe (Chrono Boost)  
  17  0:59  Probe (Chrono Boost)  
  17  1:01  Pylon  
  18  1:09  Probe (Chrono Boost)  
  19  1:16  Assimilator  
  19  1:19  Assimilator  
  19  1:22  Photon Cannon  
  19  1:29  Probe (Chrono Boost)  
  20  1:39  Photon Cannon  
  20  1:41  Pylon  
  20  1:49  Photon Cannon  
  20  1:58  Photon Cannon  
  20  2:08  Photon Cannon  
  20  2:12  Photon Cannon  
  20  2:42  Gateway  
  20  2:43  Nexus  
  20  2:45  Photon Cannon  
  20  2:47  Probe (Chrono Boost)  
  21  2:58  Probe (Chrono Boost)  
  22  3:05  Pylon  
  22  3:08  Probe (Chrono Boost)  
  23  3:17  Pylon  
  23  3:19  Probe (Chrono Boost)  
  24  3:32  Photon Cannon  
  24  3:42  Cybernetics Core  
  23  3:51  Photon Cannon  
  23  3:59  Probe (Chrono Boost)  
  24  4:04  Pylon  
  24  4:09  Probe (Chrono Boost)  
  25  4:19  Probe (Chrono Boost)  
  25  4:23  Photon Cannon  
  26  4:29  Assimilator  
  26  4:30  Probe (Chrono Boost)  
  27  4:33  Assimilator  
  27  4:40  Probe (Chrono Boost)  
  27  4:42  Stargate  
  28  4:49  Stargate  
  28  4:51  Probe (Chrono Boost)  
  29  4:57  Mothership Core (Chrono Boost)  
  31  5:02  Probe (Chrono Boost)  
  32  5:12  Probe (Chrono Boost)  
  33  5:19  Void Ray  
  33  5:24  Probe (Chrono Boost)  
  38  5:34  Stalker  
  41  5:36  Probe (Chrono Boost)  
  41  5:44  Void Ray  
  41  5:48  Probe (Chrono Boost)  
  46  6:02  Void Ray  
  46  6:11  Probe (Chrono Boost)  
  51  6:23  Probe (Chrono Boost)  
  52  6:27  Void Ray  
  56  6:35  Probe (Chrono Boost)  
  57  6:40  Void Ray  
  62  6:47  Probe (Chrono Boost)  
  62  6:56  Pylon  
  62  6:58  Pylon  
  62  7:02  Stargate  
  62  7:11  Photon Cannon  
  63  7:16  Probe (Chrono Boost)  
  63  7:20  Nexus  
  63  7:26  Oracle  
  66  7:39  Photon Cannon  
  68  8:06  Phoenix  
  68  8:07  Phoenix  
  68  8:11  Phoenix  
  68  8:24  Photon Cannon  
  68  8:27  Photon Cannon  
  68  8:29  Phoenix  
  68  8:31  Phoenix  
  72  8:36  Phoenix  
  74  8:51  Phoenix  
  76  8:56  Phoenix  
  76  9:01  Phoenix  
  80  9:12  Phoenix  
  82  9:20  Phoenix  
  84  9:25  Photon Cannon  
  84  9:26  Phoenix  
  86  9:34  Phoenix  
  86  9:57  Void Ray  
  83  10:01  Photon Cannon  
  83  10:03  Photon Cannon, Void Ray  
  83  10:05  Photon Cannon  
  87  10:12  Probe (Chrono Boost)  
  87  10:13  Probe (Chrono Boost)  
  89  10:23  Probe (Chrono Boost)  
  89  10:24  Probe (Chrono Boost)  
  91  10:33  Probe (Chrono Boost)  
  91  10:34  Probe (Chrono Boost)  
  93  10:59  Pylon  
  93  11:04  Pylon  
  93  11:05  Pylon  
  93  11:07  Pylon  
  93  11:09  Pylon  
  93  11:15  Pylon, Void Ray  
  93  11:16  Void Ray  
  93  11:17  Probe (Chrono Boost)  
  98  11:20  Void Ray  
  94  11:27  Probe (Chrono Boost)  
  79  11:52  Void Ray  
  75  11:59  Void Ray  
  83  12:03  Void Ray  
  87  12:12  Probe (Chrono Boost)  
  87  12:14  Assimilator  
  88  12:17  Assimilator  
  88  12:20  Photon Cannon  
  89  12:22  Probe (Chrono Boost)  
  91  12:30  Void Ray  
  91  12:32  Mothership Core (Chrono Boost)  
  95  12:42  Void Ray  
  99  12:45  Void Ray  
  99  12:47  Probe (Chrono Boost)  
  104  12:54  Probe (Chrono Boost)  
  104  12:58  Probe (Chrono Boost)  
  106  13:05  Probe (Chrono Boost)  
  107  13:07  Void Ray  
  107  13:09  Probe (Chrono Boost)  
  112  13:25  Void Ray  
  108  13:28  Void Ray  
  98  13:44  Void Ray  
  97  14:08  Void Ray  
  101  14:11  Void Ray  
  101  14:14  Probe (Chrono Boost)  
  101  14:16  Photon Cannon  
  106  14:17  Photon Cannon  
  106  14:20  Photon Cannon  
  106  14:21  Void Ray  
  107  14:25  Probe (Chrono Boost)  
  107  14:26  Probe x2 (Chrono Boost)  
  107  14:29  Photon Cannon  
  113  14:35  Probe (Chrono Boost)  
  113  14:36  Probe (Chrono Boost)  
  117  14:39  Mothership Core (Chrono Boost)  
  117  14:40  Pylon  
  117  14:46  Probe (Chrono Boost)  
  117  14:50  Void Ray  
  99  15:32  Void Ray  
  91  15:37  Void Ray  
  91  15:38  Void Ray  
  91  15:52  Nexus  
  91  16:03  Pylon  
  91  16:05  Pylon  
  94  16:20  Phoenix  
  94  16:23  Phoenix  
  94  16:24  Phoenix  
  92  16:34  Stargate  
  92  16:35  Stargate  
  92  16:42  Phoenix  
  92  16:45  Photon Cannon  
  94  16:48  Phoenix  
  94  16:49  Phoenix  
  98  17:04  Phoenix  
  98  17:05  Pylon  
  100  17:13  Phoenix  
  100  17:14  Phoenix  
  104  17:19  Phoenix x2  
  108  17:25  Phoenix  
  110  17:33  Nexus  
  110  17:34  Pylon  
  110  17:36  Pylon  
  110  17:38  Phoenix  
  110  17:39  Phoenix, Assimilator  
  110  17:43  Assimilator  
  114  17:44  Phoenix  
  114  17:47  Phoenix  
Tags
 
Add a new tag
Caveats
  • Supply blocks, unpowered buildings, or Contaminate may cause inaccurate times.
  • Supply counts are checked every 10 seconds.